 Dungeon Crawl Stone Soup version 0.24-a0-91-g4e4936a (webtiles) character file.

Game seed: 9111966496951143571

123880 AtlasWard the Sniper (level 16, -3/134 (135) HPs)
             Began as a Centaur Hunter on Feb 8, 2019.
             Was a High Priest of Okawaru.
             Slain by a tarantella (8 damage)
             ... on level 1 of the Spider Nest on Feb 9, 2019.
             The game lasted 01:52:03 (34504 turns).

AtlasWard the Sniper (Centaur Hunter)              Turns: 34504, Time: 01:52:04

HP:   -3/134 (135)  AC: 21    Str: 16    XL:     16   Next: 38%
MP:   0/22          EV:  5    Int: 10    God:    Okawaru [*****.]
Gold: 1551          SH:  0    Dex: 18    Spells: 14/15 levels left

rFire    + . .     SeeInvis .   b - +5 lajatang (pain)
rCold    . . .     Gourm    .   (shield currently unavailable)
rNeg     . . .     Faith    .   U - +2 scale mail {MR+}
rPois    +         Spirit   +   T - +2 helmet
rElec    .         Reflect  +   v - scarf {Spirit}
rCorr    +         Harm     .   i - +2 pair of gloves
MR       +++..                  D - +1 centaur barding of Valour {MR+}
Stlth    ..........             y - +5 amulet of reflection
HPRegen  0.32/turn              I - ring of poison resistance
MPRegen  0.18/turn              Z - ring of Niofif {rCorr rF+ Dex+2}

@: held, very quick
A: large, hooves 3, deformed body, speed 2, tough skin 3
a: Heroism, Finesse, Renounce Religion


You were on level 1 of the Spider Nest.
You worshipped Okawaru.
Okawaru was extremely pleased with you.
You were hungry.

You visited 5 branches of the dungeon, and saw 25 of its levels.
You also visited: Ice Cave.

You collected 3241 gold pieces.
You spent 1690 gold pieces at shops.

Inventory:

Hand Weapons
 a - the +2 triple crossbow "Oraotirch" {elec, Dex+2}
   (Okawaru gifted it to you on level 4 of the Lair of Beasts)

   It charges the ammunition it shoots with electricity; occasionally upon a
   hit, such missiles may discharge and cause terrible harm.
   It affects your dexterity (+2).
 b - a +5 lajatang of pain (weapon)
 c - a +2 triple crossbow of freezing
Missiles
 d - 786 bolts
Armour
 i - a +2 pair of gloves (worn)
 v - a scarf of spirit shield (worn)
 D - the +1 centaur barding of Valour (worn) {MR+}
   (Okawaru gifted it to you on level 15 of the Dungeon)

   It affects your resistance to hostile enchantments.
 T - a +2 helmet (worn)
 U - a +2 scale mail of magic resistance (worn)
Jewellery
 y - a +5 amulet of reflection (around neck)
 H - an uncursed ring of see invisible
 I - a ring of poison resistance (left hand)
 K - an uncursed ring of ice
 Z - the ring of Niofif (right hand) {rCorr rF+ Dex+2}
   (You acquired it on level 6 of the Lair of Beasts)

   [ring of resist corrosion]

   It affects your dexterity (+2).
   It protects you from fire.
Wands
 B - a wand of paralysis (36)
 E - a wand of polymorph (14)
 J - a wand of iceblast (15)
 L - a wand of acid (24)
 X - a wand of digging (2)
Scrolls
 h - 2 scrolls of enchant weapon
 j - 2 scrolls of immolation
 l - 10 scrolls of remove curse
 m - 3 scrolls of magic mapping
 p - 13 scrolls of teleportation
 r - 3 scrolls of identify
 s - 2 scrolls of holy word
 t - a scroll of blinking
 F - 6 scrolls of fog
 P - 3 scrolls of enchant armour
 S - 3 scrolls of fear
 W - a scroll of amnesia
 Y - a scroll of silence
Potions
 e - 12 potions of heal wounds
 g - a potion of berserk rage
 k - 3 potions of ambrosia
 n - 5 potions of agility
 q - 13 potions of might
 x - a potion of invisibility
 z - 6 potions of flight
 A - 8 potions of haste
 C - 6 potions of brilliance
 M - 5 potions of lignification
 N - 4 potions of mutation
 O - 7 potions of curing
 R - a potion of magic
 V - 6 potions of resistance
Comestibles
 f - 47 rations


   Skills:
 + Level 10.5 Fighting
 + Level 12.6 Staves
 - Level 21.0 Crossbows
 + Level 3.7 Armour
 + Level 7.2 Dodging
 - Level 0.4 Stealth
 + Level 4.4 Translocations
 - Level 8.0 Invocations


You had 14 spell levels left.
You knew the following spells:

 Your Spells              Type           Power        Failure   Level  Hunger
q - Apportation           Tloc           #.....       22%         1    ##.....

Your spell library contained the following spells:

 Spells                   Type           Power        Failure   Level  Hunger
 Animate Skeleton         Necr           N/A          78%         1    ##.....
 Confusing Touch          Hex            #.....       78%         1    ##.....
 Magic Dart               Conj           #...         78%         1    ##.....
 Sandblast                Erth           #.....       78%         1    ##.....
 Summon Small Mammal      Summ           #...         78%         1    ##.....
 Recall                   Summ/Tloc      N/A          85%         3    ####...
 Ensorcelled Hibernation  Hex/Ice        #.....       89%         2    ###....
 Passwall                 Tmut/Erth      #.......     89%         2    ###....
 Searing Ray              Conj           #.....       89%         2    ###....
 Dazzling Spray           Conj/Hex       #.....       98%         3    ####...
 Stone Arrow              Conj/Erth      #.....       98%         3    ####...
 Force Lance              Conj/Tloc      #.......     99%         4    #####..
 Animate Dead             Necr           N/A          100%        4    #####..
 Cause Fear               Hex            #.........   100%        4    #####..
 Fulminant Prism          Conj/Hex       #.........   100%        4    #####..
 Ice Form                 Ice/Tmut       #.......     100%        4    #####..
 Iskenderun's Mystic Bla  Conj           #.......     100%        4    #####..
 Petrify                  Tmut/Erth      #.......     100%        4    #####..
 Borgnjor's Vile Clutch   Necr/Erth      #.........   100%        5    ######.
 Lee's Rapid Deconstruct  Erth           #.........   100%        5    ######.
 Metabolic Englaciation   Hex/Ice        #.........   100%        5    ######.
 Silence                  Hex/Air        #.........   100%        5    ######.
 Yara's Violent Unravell  Hex/Tmut       #.........   100%        5    ######.
 Bolt of Cold             Conj/Ice       #.........   100%        6    #######
 Darkness                 Hex            #.........   100%        6    #######
 Death Channel            Necr           #.........   100%        6    #######
 Deflect Missiles         Chrm/Air       #.........   100%        6    #######
 Freezing Cloud           Conj/Ice/Air   #.........   100%        6    #######
 Ozocubu's Refrigeration  Ice            #.........   100%        6    #######
 Shadow Creatures         Summ           N/A          100%        6    #######
 Simulacrum               Ice/Necr       #.........   100%        6    #######
 Discord                  Hex            #.........   100%        8    #######


Dungeon Overview and Level Annotations

Branches:
Dungeon (15/15)            Temple (1/1) D:7            Lair (6/6) D:10
  Swamp (0/4) Lair:2       Spider (1/4) Lair:2        Slime (0/5) Lair:6
    Orc (2/2) D:12            Elf (0/3) Orc:2        Vaults (0/5) D:14
 Depths (0/5) D:15

Altars:
Ashenzari
Cheibriados
Dithmenos
Elyvilon
Fedhas
Gozag
Hepliaklqana
Kikubaaqudgha
Makhleb
Nemelex Xobeh
Okawaru
Qazlal
Ru
Sif Muna
Trog
Uskayaw
Vehumet
Wu Jian
Xom
Yredelemnul
Zin
The Shining One

Shops:
D:4 [!   D:9 (   Orc:2 !**![

Annotations:
D:4 1 runed translucent door
D:9 1 runed translucent door


Innate Abilities, Weirdness & Mutations

You have hooves in place of feet.
Armour fits poorly on your strangely shaped body.
You cover ground very quickly.
You have extremely tough skin. (AC +3)


Message History

The jumping spider bites you but does no damage.
The tarantella bites you but does no damage. x2
The redback bites you!
* * * LOW HITPOINT WARNING * * *
The jumping spider pounces on you.
* * * LOW HITPOINT WARNING * * *
You are caught in a web!
The jumping spider closely misses you.
The tarantella bites you but does no damage.
Unknown command.
You struggle to detach yourself from the web.
The tarantella bites you but does no damage.
The redback bites you.
* * * LOW HITPOINT WARNING * * *
The jumping spider pounces on you!
* * * LOW HITPOINT WARNING * * *
The jumping spider bites you but does no damage.
The tarantella bites you!
* * * LOW HITPOINT WARNING * * *
The tarantella bites you!
You die...

..#......##.###
##.....##...... ##.....##..##
###....#...... ######...##
#.....#...... #....^..##
#.[........... ##.####..#
#............. .^. #.##
#...........##.
#.####.##########.............
.
#..†......##..s.........#....#
#########...#.s@s.#
#...#.s##..# ##..†.#...?...
##.......(......
##.....s..^.#....
#.....#.###.....#
#...°.............. .
............#.........
....#..#...........#..


You could see a jumping spider, 2 tarantellas and a redback.

Vanquished Creatures
  Rupert (Lair:4)
  Frances (D:13)
  A frost giant (IceCv)
  Nessos (Lair:5)
  An ettin (D:12)
  A fire dragon (Lair:6)
  11 hydras
  A catoblepas (Lair:6)
  3 death yaks (Lair:6)
  3 centaur warriors
  5 two-headed ogres
  3 tengu warriors
  An ogre mage (D:14)
  Urug (Orc:1)
  A fire crab (Lair:1)
  A death drake (shapeshifter) (D:15)
  5 unseen horrors
  3 wizards (D:15)
  Pikel (D:7)
  8 orc knights
  3 lindwurms (Lair:6)
  A necromancer (D:15)
  4 wolf spiders (Spider:1)
  3 orb spiders
  A wolf spider zombie (D:15)
  4 deep elf magi
  11 ugly things
  8 oklob plants (Lair:6)
  6 cyclopes
  4 manticores
  An ice statue (IceCv)
  21 elephants
  Maurice (D:11)
  4 centaur skeletons
  14 spiny frogs
  4 black mambas
  2 gargoyles
  7 torpor snails
  4 rime drakes
  7 komodo dragons
  A yaktaur (shapeshifter) (D:10)
  A freezing wraith (D:15)
  A kobold demonologist (D:14)
  A redback zombie (D:12)
  8 trolls
  18 polar bears
  8 jumping spiders
  A tengu conjurer (D:15)
  5 hornets (Lair:6)
  A queen bee (Lair:1)
  4 tyrant leeches (Lair:6)
  9 slime creatures (D:13)
  4 blink frogs (Lair:5)
  9 hippogriffs
  A dream sheep (shapeshifter) (Lair:1)
  9 dream sheep (Lair:6)
  A spriggan (D:8)
  The ghost of OofMyWifi the Chopper, an amateur VSFi (D:4)
  17 redbacks
  5 tarantellas (Spider:1)
  61 yaks
  2 shadows
  A vampire (D:10)
  3 wyverns
  2 water elementals
  Eustachio (D:5)
  4 vampire mosquitoes (D:12)
  3 basilisks
  5 wargs
  Edmund (D:4)
  5 soldier ants (D:9)
  An acid dragon (D:14)
  16 water moccasins
  6 porcupines
  2 slaves (D:7)
  Duvessa (D:5)
  30 orc warriors
  4 ice beasts
  A black bear (D:5)
  A necrophage (D:6)
  4 sky beasts
  13 ogres
  16 wolves
  18 centaurs
  10 crocodiles
  5 big kobolds
  Blork the orc (D:4)
  20 bullfrogs
  2 wyvern skeletons
  Dowan (D:5)
  38 killer bees
  A scorpion (D:7)
  9 wights
  2 vampire bats (D:9)
  7 electric eels
  A howler monkey (D:4)
  3 crimson imps
  3 centaur zombies
  A quasit (D:11)
  3 bullfrog skeletons
  14 orc priests
  7 hounds
  4 jellies
  24 orc wizards
  Crazy Yiuf (D:4)
  3 iguanas
  15 worker ants
  A hound skeleton (D:6)
  2 worker ant zombies
  5 gnolls (D:5)
  15 adders
  A river rat (D:4)
  2 shadow imps
  12 white imps (D:13)
  2 oozes (D:1)
  An adder skeleton (D:4)
  3 worms
  A dart slug (D:1)
  2 leopard geckos
  87 orcs
  A ball python (D:4)
  A bat skeleton (D:9)
  6 bat zombies (D:9)
  9 giant cockroaches
  4 goblins
  8 hobgoblins
  7 jackals
  4 quokkas
  10 bats
  A frilled lizard (D:2)
  18 kobolds
  16 rats
  A fungus (Lair:5)
  2 plants
866 creatures vanquished.

Vanquished Creatures (others)
  A centaur warrior (D:15)
  An unseen horror (D:15)
  An orc warrior (Orc:2)
  2 centaurs
  An electric eel (D:11)
  6 fungi
  35 plants
47 creatures vanquished.

Grand Total: 913 creatures vanquished

Notes
Turn   | Place    | Note
-------+----------+-------------------------------------------
     0 | D:1      | AtlasWard the Centaur Hunter began the quest for the Orb.
     0 | D:1      | Reached XP level 1. HP: 17/17 MP: 1/1
   217 | D:1      | Reached XP level 2. HP: 23/25 MP: 2/2
   395 | D:1      | Reached XP level 3. HP: 18/31 MP: 3/3
   992 | D:2      | Noticed a moth of wrath
   995 | D:2      | Found a bloodstained altar of Trog.
  1266 | D:2      | Found an opulent altar of Gozag.
  1509 | D:2      | Reached skill level 5 in Crossbows
  1544 | D:2      | Reached XP level 4. HP: 29/40 MP: 2/4
  2857 | D:4      | Noticed Blork the orc
  2906 | D:4      | Found a runed translucent door.
  2926 | D:4      | Reached XP level 5. HP: 40/47 MP: 5/5
  3078 | D:3      | Upgraded the game from 0.24-a0-84-g25a2d9f to
                  | 0.24-a0-91-g4e4936a
  3091 | D:4      | Noticed OofMyWifi's ghost (amateur VSFi)
  3100 | D:4      | Found Wiypsuimid's Distillery.
  3110 | D:4      | Bought a potion of heal wounds for 60 gold pieces
  3110 | D:4      | Bought a potion of might for 48 gold pieces
  3156 | D:4      | Reached skill level 5 in Fighting
  3578 | D:4      | Found Gewydyoch's Armour Shop.
  3668 | D:4      | Reached XP level 6. HP: 51/56 MP: 4/6
  4025 | D:4      | Found a runed translucent door.
  4044 | D:4      | Found a runed translucent door.
  4045 | D:4      | Noticed Crazy Yiuf
  4101 | D:4      | Killed Crazy Yiuf
  4178 | D:4      | Killed Blork the orc
  4178 | D:4      | Reached skill level 6 in Crossbows
  4246 | D:4      | Reached skill level 1 in Staves
  4372 | D:4      | Noticed Edmund
  4393 | D:4      | Killed Edmund
  4393 | D:4      | Reached XP level 7. HP: 49/63 MP: 5/7
  4487 | D:4      | Found a shadowy altar of Dithmenos.
  4490 | D:4      | Found a hide-covered altar of Uskayaw.
  4493 | D:4      | Found a blossoming altar of Fedhas.
  4593 | D:5      | Entered Level 5 of the Dungeon
  4742 | D:5      | Noticed Eustachio
  4918 | D:5      | Noticed Duvessa
  4981 | D:4      | Killed OofMyWifi's ghost
  4981 | D:4      | Reached skill level 7 in Crossbows
  5384 | D:5      | Reached XP level 8. HP: 47/70 MP: 5/8
  5847 | D:5      | Found a blossoming altar of Fedhas.
  5872 | D:5      | Noticed Dowan
  5876 | D:5      | Killed Dowan
  5876 | D:5      | Reached skill level 8 in Crossbows
  6180 | D:5      | Killed Eustachio
  6180 | D:5      | Reached skill level 5 in Staves
  6381 | D:6      | Reached skill level 9 in Crossbows
  6617 | D:6      | Reached XP level 9. HP: 70/75 MP: 7/9
  7059 | D:7      | Reached skill level 10 in Crossbows
  7316 | D:7      | Noticed Pikel
  7326 | D:7      | Killed Pikel
  7435 | D:7      | Found a staircase to the Ecumenical Temple.
  7445 | Temple   | Entered the Ecumenical Temple
  7607 | Temple   | Became a worshipper of Warmaster Okawaru
  7967 | D:8      | Reached skill level 1 in Invocations
  8334 | D:8      | Noticed a two-headed ogre
  8383 | D:8      | Killed a two-headed ogre
  8383 | D:8      | Reached * piety under Okawaru
  8383 | D:8      | Reached skill level 11 in Crossbows
  8383 | D:8      | Reached XP level 10. HP: 83/83 MP: 10/12
  8788 | D:9      | Reached ** piety under Okawaru
  8890 | D:9      | Found a shattered altar of Ashenzari.
  8994 | D:9      | Found the +9 staff of Olgreb {rPois}
  9003 | D:9      | Found a glowing golden altar of the Shining One.
  9200 | D:9      | Found Tigaeh's Weapon Shoppe.
  9224 | D:9      | Found a runed translucent gate.
  9224 | D:9      | Found a runed translucent gate.
  9224 | D:9      | Found a runed translucent door.
  9256 | D:9      | Found a runed translucent gate.
  9257 | D:9      | Found a runed translucent door.
  9320 | D:9      | Found an ancient bone altar of Kikubaaqudgha.
  9332 | D:9      | Reached skill level 12 in Crossbows
  9502 | D:9      | Reached *** piety under Okawaru
  9622 | D:9      | Reached skill level 5 in Invocations
  9672 | D:10     | Entered Level 10 of the Dungeon
  9673 | D:10     | Noticed a two-headed ogre
  9691 | D:10     | Killed a two-headed ogre
  9691 | D:10     | Reached XP level 11. HP: 63/91 MP: 8/14
  9737 | D:10     | Received a gift from Okawaru
  9754 | D:10     | Reached **** piety under Okawaru
 10060 | D:10     | Found a staircase to the Lair.
 10070 | D:10     | Noticed a two-headed ogre
 10081 | D:10     | Killed a two-headed ogre
 10643 | Lair:1   | Entered Level 1 of the Lair of Beasts
 10871 | Lair:1   | Learned a level 1 spell: Apportation
 10920 | Lair:1   | Received a gift from Okawaru
 10927 | Lair:1   | Noticed a fire crab
 10927 | Lair:1   | a komodo dragon changed into a fire crab
 11054 | Lair:1   | Killed a fire crab
 11209 | Lair:1   | Reached ***** piety under Okawaru
 11218 | Lair:1   | Reached skill level 10 in Staves
 11225 | Lair:1   | Noticed a glowing shapeshifter
 11225 | Lair:1   | a yak changed into a glowing shapeshifter
 11226 | Lair:1   | a glowing shapeshifter changed into a water nymph
 11229 | Lair:1   | Noticed a five-headed hydra
 11233 | Lair:1   | Noticed a glowing orange brain
 11233 | Lair:1   | a water nymph changed into a glowing orange brain
 11236 | Lair:1   | a glowing orange brain changed into a manticore
 11237 | Lair:1   | Noticed a swamp dragon
 11237 | Lair:1   | a manticore changed into a swamp dragon
 11486 | D:11     | Noticed Maurice
 11513 | D:11     | Received a gift from Okawaru
 11529 | D:10     | Reached skill level 13 in Crossbows
 11745 | D:11     | Killed Maurice
 11897 | D:11     | Noticed a four-headed hydra
 11911 | D:11     | Killed a four-headed hydra
 11961 | D:11     | Received a gift from Okawaru
 12018 | D:11     | Noticed a white ugly thing
 12043 | D:11     | Killed a white ugly thing
 12211 | D:11     | Reached XP level 12. HP: 99/101 MP: 16/18
 13118 | D:12     | Found a staircase to the Orcish Mines.
 13522 | D:12     | Got a transparent leather armour
 13548 | D:12     | Identified the +2 leather armour of the Buccaneer {rPois
                  | MR- Dex+3} (You found it on level 12 of the Dungeon)
 13615 | D:10     | Received a gift from Okawaru
 13724 | Lair:1   | Noticed a two-headed ogre
 13725 | Lair:1   | a two-headed ogre changed into a shining eye
 14047 | Lair:1   | Killed a five-headed hydra
 14047 | Lair:1   | Reached skill level 14 in Crossbows
 14794 | Lair:1   | Found a shimmering altar of Xom.
 15310 | Lair:2   | Received a gift from Okawaru
 15476 | Lair:2   | Found a hole to the Spider Nest.
 15662 | Lair:2   | Found a staircase to the Swamp.
 16666 | Lair:3   | Noticed an eight-headed hydra
 16711 | Lair:3   | Killed a nine-headed hydra
 16711 | Lair:3   | Reached XP level 13. HP: 70/111 MP: 10/19
 17773 | Lair:4   | Noticed Rupert
 17807 | Lair:4   | Killed Rupert
 17807 | Lair:4   | Received a gift from Okawaru
 17807 | Lair:4   | Reached skill level 15 in Crossbows
 17808 | Lair:4   | Got an ancient triple crossbow {god gift}
 17809 | Lair:4   | Identified the +2 triple crossbow "Oraotirch" {elec, Dex+2}
                  | (Okawaru gifted it to you on level 4 of the Lair of Beasts)
 18812 | Lair:5   | Noticed Nessos
 18822 | Lair:5   | Killed Nessos
 18822 | Lair:5   | Received a gift from Okawaru
 18822 | Lair:5   | Reached skill level 16 in Crossbows
 19082 | Lair:5   | Received a gift from Okawaru
 19693 | Lair:6   | Entered Level 6 of the Lair of Beasts
 19747 | Lair:6   | Received a gift from Okawaru
 19784 | Lair:6   | Received a gift from Okawaru
 19947 | Lair:6   | Reached skill level 17 in Crossbows
 20186 | Lair:6   | Received a gift from Okawaru
 20783 | Lair:6   | Received a gift from Okawaru
 20786 | Lair:6   | Reached XP level 14. HP: 97/118 MP: 16/20
 21128 | Lair:6   | Received a gift from Okawaru
 21537 | Lair:6   | Reached skill level 18 in Crossbows
 22509 | Lair:6   | Reached skill level 19 in Crossbows
 22932 | Lair:6   | Found a runed translucent door.
 22968 | Lair:6   | Paralysed by a hornet for 1 turns
 24185 | Lair:6   | Identified a scroll of acquirement
 24186 | Lair:6   | Got a scintillating marble ring
 24188 | Lair:6   | Identified the ring of Niofif {rCorr rF+ Dex+2} (You
                  | acquired it on level 6 of the Lair of Beasts)
 24272 | Lair:6   | Received a gift from Okawaru
 24287 | Lair:6   | Found a staircase to the Slime Pits.
 24470 | Lair:6   | Received a gift from Okawaru
 24854 | D:4      | Bought a potion of heal wounds for 60 gold pieces
 24854 | D:4      | Bought 2 potions of haste for 240 gold pieces
 24924 | D:5      | Killed Duvessa
 25238 | D:13     | Found a frozen archway.
 25259 | IceCv    | Entered an ice cave
 25478 | IceCv    | Reached skill level 5 in Dodging
 25710 | IceCv    | Noticed a frost giant
 25746 | IceCv    | Killed a frost giant
 25895 | IceCv    | Got an encrusted hat
 26019 | IceCv    | Reached XP level 15. HP: 124/124 MP: 21/21
 26176 | IceCv    | Identified the cursed -5 hat "Akuliz" {*Corrode Str+5} (You
                  | found it in an ice cave)
 26275 | D:13     | Received a gift from Okawaru
 26345 | D:13     | Reached skill level 20 in Crossbows
 26788 | D:13     | Noticed Frances
 26811 | D:13     | Killed Frances
 26811 | D:13     | Received a gift from Okawaru
 27229 | D:13     | Got a faintly glowing silver amulet
 27230 | D:13     | Identified the amulet of Qefraih {Acrobat rElec rPois Int+3
                  | Slay-6} (You acquired it on level 13 of the Dungeon)
 27380 | D:14     | Received a gift from Okawaru
 27381 | D:14     | Got a faintly glowing quarterstaff {god gift}
 27887 | D:14     | Found a gate to the Vaults.
 28103 | D:14     | Reached skill level 21 in Crossbows
 28103 | D:14     | Reached skill level 1 in Translocations
 28232 | D:14     | Reached skill level 1 in Armour
 28534 | D:14     | Received a gift from Okawaru
 28949 | D:15     | Entered Level 15 of the Dungeon
 29981 | D:15     | Found a staircase to the Depths.
 30375 | D:15     | Reached ****** piety under Okawaru
 30377 | D:15     | Received a gift from Okawaru
 31025 | D:15     | Received a gift from Okawaru
 31025 | D:15     | Reached skill level 10 in Fighting
 31026 | D:15     | Got a smoking centaur barding {god gift}
 31032 | D:15     | Identified the +1 centaur barding of Valour {MR+} (Okawaru
                  | gifted it to you on level 15 of the Dungeon)
 31182 | D:15     | Identified the +1 quarterstaff of Propriety {crush, rElec
                  | rF+ Int+4 Dex+3} (Okawaru gifted it to you on level 14 of
                  | the Dungeon)
 31289 | Orc:1    | Entered Level 1 of the Orcish Mines
 31294 | D:12     | Reached XP level 16. HP: 132/133 MP: 18/22
 31515 | Orc:1    | Noticed Urug
 31548 | Orc:1    | Killed Urug
 32215 | Orc:2    | Entered Level 2 of the Orcish Mines
 32926 | Orc:2    | Found Bathuw's Distillery.
 32926 | Orc:2    | Found Modghu's General Store.
 33101 | Orc:2    | Found Hog Fyri's Assorted Antiques.
 33103 | Orc:2    | Found Hedumoh's Antique Armour Shop.
 33108 | Orc:2    | Bought a scroll of magic mapping for 49 gold pieces
 33110 | Orc:2    | Bought a potion of heal wounds for 145 gold pieces
 33110 | Orc:2    | Bought a scroll of enchant armour for 217 gold pieces
 33324 | Orc:2    | Found a staircase to the Elven Halls.
 33363 | Orc:2    | Found Keysoaw's Distillery.
 33371 | Orc:2    | Bought 2 potions of heal wounds for 120 gold pieces
 33525 | Orc:2    | Bought a potion of might for 44 gold pieces
 33525 | Orc:2    | Bought a potion of cancellation for 88 gold pieces
 33525 | Orc:2    | Bought a potion of haste for 110 gold pieces
 33525 | Orc:2    | Bought a potion of haste for 110 gold pieces
 33525 | Orc:2    | Bought a potion of heal wounds for 55 gold pieces
 33525 | Orc:2    | Bought a potion of might for 44 gold pieces
 33563 | Orc:2    | Bought 2 potions of haste for 240 gold pieces
 33563 | Orc:2    | Bought a potion of heal wounds for 60 gold pieces
 33746 | Spider:1 | Entered Level 1 of the Spider Nest
 34504 | Spider:1 | HP: 5/134 [tarantella (6)]
 34504 | Spider:1 | Slain by a tarantella

Levels and vault maps discovered:
D:1:      dpeg_arrival_water_temple_mockup, layout_basic, moated_statue
D:2:      layout_rooms, tgw_trog, grunt_gozag_breadcrumbs
D:3:      layout_basic, minmay_pentomino_pile
D:4:      layout_loops_cross, grunt_temple_overflow_diamond,
          ebering_ghost_sewer_f, serial_shops, nicolae_shop_waterfront,
          nicolae_shop_waterfront, first_ration, uniq_crazy_yiuf_cottage,
          uniq_blork_the_orc, uniq_edmund
D:5:      layout_basic, st_stairs_7, fedhas_altar_1, uniq_duvessa,
          uniq_eustachio
D:6:      layout_rooms
D:7:      layout_loops_ring, minmay_temple_entry_enclosed_plants, uniq_pikel
D:8:      layout_loops_ring, grunt_pizzeria
D:9:      layout_long_grid, kennysheep_vampire_church,
          cheibrodos_ashenzari_chains, basic_altar, serial_shops,
          nicolae_shop_behind_doors, minmay_guarded_unrand_staff_of_olgreb
D:10:     layout_loops_ring, david_lair_shrubbed, grunt_ministairs_1,
          hangedman_decor_riveting, patterned_corridor
D:11:     layout_stronghold, serial_bayou, serial_bayou_pond_d,
          serial_bayou_pond_d, serial_bayou_pond_e, serial_bayou_lagoon_a,
          nrook_mini_backslash, uniq_maurice
D:12:     layout_small_grid, david_orc_2
D:13:     layout_roguey, portal_ice_cave_entry_imps, uniq_frances
D:14:     wad_crossroads, layout_long_grid,
          hangedman_vaults_entry_quadrant_bands, minivault_14
D:15:     grunt_enter_depths_magical_seal, layout_basic, minmay_crystal_water,
          st_stairs_11
Temple:   eino_temple_scatter_basement
Lair:1:   layout_gridlike, special_room [special_room_bee], basic_altar,
          serial_bayou_shore_a
Lair:2:   layout_loops_ring, swamp_mist_pool, nicolae_spider_entry_orb_guardian,
          st_stairs_3
Lair:3:   layout_layer_cave, st_stairs_5, grunt_megastairs_4
Lair:4:   layout_hall_layers, uniq_rupert
Lair:5:   layout_roguey, uniq_nessos
Lair:6:   hangedman_lair_in_review, layout_gridlike, wormcave,
          minmay_slime_entry_oklob_enclosed, minmay_lair_oklob_chamber,
          lemuel_fruit_tree
Spider:1: layout_spider_delve, nicolae_spider_circle_web, guppyfry_spider_mini_2
Orc:1:    layout_caves, uniq_urug
Orc:2:    st_orc_rangers, layout_diamond_mine, serial_shops,
          nicolae_shop_waterfront
IceCv:    ice_cave_small_giant

Skill      XL: |  1  2  3  4  5  6  7  8  9 10 11 12 13 14 15 16 |
---------------+-------------------------------------------------+-----
Fighting       | 3 4 5 6 8 9 10 | 10.5
Crossbows      | 5 6 7 9 11 12 13 14 17 19 21 | 21.0
Staves         | 1 3 6 8 9 10 11 12 | 12.6
Invocations    | 3 5 8 |  8.0
Dodging        | 3 5 6 7 |  7.2
Translocations | 3 4 |  4.4
Armour         | 2 3 |  3.7
Stealth        | |  0.4

Action                   |  1- 3 |  4- 6 |  7- 9 | 10-12 | 13-15 | 16-18 || total
-------------------------+-------+-------+-------+-------+-------+-------++-------
Melee: Short sword       |   135 |   166 |       |       |       |       ||   301
       Kick              |    27 |    38 |    59 |   199 |   198 |    21 ||   542
       Quarterstaff      |       |    23 |   275 |   423 |       |       ||   721
       Lajatang          |       |       |       |   386 |   555 |    81 ||  1022
       Unarmed           |       |       |       |     1 |       |       ||     1
 Fire: Hand crossbow     |       |    27 |    20 |   103 |       |       ||   150
       Arbalest          |       |       |       |    11 |    23 |       ||    34
       Triple crossbow   |       |       |       |       |   588 |   255 ||   843
Invok: Heroism           |       |       |       |    14 |    37 |    11 ||    62
       Finesse           |       |       |       |       |     9 |     4 ||    13
Evoke: Wand              |       |       |     5 |       |       |       ||     5
  Use: Scroll            |       |       |    13 |     9 |     9 |     2 ||    33
       Potion            |       |       |     3 |       |     1 |     1 ||     5
 Stab: Paralysed         |       |       |     7 |     8 |       |       ||    15
       Petrifying        |       |       |     2 |       |       |       ||     2
       Confused          |       |       |       |     2 |       |       ||     2
  Eat: Chunk             |     1 |     8 |    10 |    22 |    36 |     8 ||    85
       Ration            |       |       |       |       |     1 |       ||     1
Armor: Leather armour    |    58 |    29 |       |       |       |       ||    87
       Scale mail        |       |    24 |       |       |   162 |   167 ||   353
       Chain mail        |       |    71 |   167 |   426 |   181 |       ||   845
Dodge: Dodged            |    65 |    62 |    45 |   243 |   299 |   155 ||   869
Block: Other             |       |       |       |    67 |   171 |    41 ||   279
       Reflection        |       |       |       |       |    15 |    17 ||    32

Table legend:
 A = Non-vault XP
 B = Vault XP
 C = Vault XP percentage of total XP
 D = Non-vault monster count
 E = Vault monster count
 F = Vault count percentage of total count
                 A         B        C        D         E       F
            +---------+---------+-------+---------+---------+-------
      Total |  110687 |   66285 |  37.5 |     602 |     264 |  30.5
            +---------+---------+-------+---------+---------+-------
        D:1 |      52 |       0 |   0.0 |      26 |       0 |   0.0
        D:2 |      45 |       9 |  16.7 |      15 |       5 |  25.0
        D:3 |      87 |       9 |   9.4 |      16 |       5 |  23.8
        D:4 |     370 |     550 |  59.8 |      21 |       9 |  30.0
        D:5 |     744 |     408 |  35.4 |      28 |       3 |   9.7
        D:6 |     916 |       0 |   0.0 |      15 |       0 |   0.0
        D:7 |     651 |     685 |  51.3 |      13 |       1 |   7.1
        D:8 |    1527 |     234 |  13.3 |       9 |       1 |  10.0
        D:9 |    2191 |    1833 |  45.6 |      22 |      30 |  57.7
       D:10 |    3358 |     806 |  19.4 |      32 |       8 |  20.0
       D:11 |    5263 |     449 |   7.9 |      35 |       1 |   2.8
       D:12 |    5095 |     142 |   2.7 |      28 |       7 |  20.0
       D:13 |    8443 |    2428 |  22.3 |      34 |      13 |  27.7
       D:14 |   13846 |    6504 |  32.0 |      28 |      23 |  45.1
       D:15 |   12714 |    5681 |  30.9 |      33 |      11 |  25.0
     Lair:1 |    7245 |    1168 |  13.9 |      30 |      15 |  33.3
     Lair:2 |    3751 |    1051 |  21.9 |      17 |       3 |  15.0
     Lair:3 |    4542 |     191 |   4.0 |      12 |       2 |  14.3
     Lair:4 |    3566 |    3114 |  46.6 |      17 |       1 |   5.6
     Lair:5 |    7604 |    1269 |  14.3 |      30 |       1 |   3.2
     Lair:6 |   13943 |   23565 |  62.8 |      35 |      50 |  58.8
   Spider:1 |    9455 |       0 |   0.0 |      31 |       0 |   0.0
      Orc:1 |    2485 |     859 |  25.7 |      31 |       1 |   3.1
      Orc:2 |    2794 |    5676 |  67.0 |      44 |      38 |  46.3
      IceCv |       0 |    9654 | 100.0 |       0 |      36 | 100.0
            +---------+---------+-------+---------+---------+-------
